[Event "Titled Tuesday Blitz March 15 Early 2022"]
[White "Hernandez Jimenez, Alexander Andres"]
[Black "Quirke, Jeffrey"]
[WhiteFideId "3900452"]
[BlackFideId "2013029"]
[WhiteElo "2082"]
[BlackElo "2230"]
[Result "0-1"]
[Round "10"]
[TimeControl "180+1"]
[Date "2022.03.15"]
[WhiteClock "0:00:36"]
[BlackClock "0:00:39"]

1. e4 c5 2. Nf3 e6 3. d4 cxd4 4. Nxd4 a6 5. c4 Nf6 6. Nc3 Bb4 7. Bd3 Nc6 8. Nxc6 dxc6 9. O-O e5 10. Bg5 O-O 11. Ne2 Be7 12. Ng3 h6 13. Bxf6 Bxf6 14. Nf5 Be6 15. Qe2 Qc7 16. Rad1 Rfd8 17. Bc2 a5 18. Rxd8+ Rxd8 19. b3 Qb6 20. Rd1 Bxf5 21. Rxd8+ Qxd8 22. exf5 Qd4 23. a4 Kf8 24. g3 Ke7 25. Kg2 Kd6 26. h4 Kc5 27. Qe4 Qxe4+ 28. Bxe4 Kb4 29. Bc2 Kc3 30. Bd1 Kd2 31. Bf3 Kc3 32. Bd1 e4 33. Kf1 Kd2 34. Be2 Bd4 35. f3 e3 36. g4 f6 37. f4 Bc5 38. g5 Bd6 39. gxf6 gxf6 40. h5 Bxf4 41. Bf3 Kc3 42. Bd1 Kd2 43. Bf3 Kc2 44. Ke2 Kxb3 45. Kd3 Kxa4 46. Ke4 Bg5 47. Kd4 Kb4 0-1


[Site "https://www.chess.com"]

[Event "Titled Tuesday Blitz March 15 Early 2022"]
[White "Horcajuelo Rocamora, Martin"]
[Black "Lazavik, Denis"]
[WhiteFideId "24573027"]
[BlackFideId "13515110"]
[WhiteElo "1706"]
[BlackElo "2437"]
[Result "0-1"]
[Round "10"]
[TimeControl "180+1"]
[Date "2022.03.15"]
[WhiteClock "0:00:04"]
[BlackClock "0:00:03"]

1. e4 c5 2. Nf3 e6 3. d4 cxd4 4. Nxd4 Nc6 5. Nc3 Qc7 6. g3 a6 7. Bg2 Nf6 8. O-O Nxd4 9. Qxd4 Bc5 10. Qd3 Ng4 11. h3 Ne5 12. Qe2 d6 13. Bf4 b5 14. Rad1 O-O 15. Kh1 Bb7 16. b3 Rac8 17. Bxe5 dxe5 18. Rd3 Bd4 19. Nd1 Qxc2 20. Rd2 Qc5 21. f4 exf4 22. gxf4 Rfd8 23. Rd3 g6 24. Rg3 Qc2 25. Qe1 Bf6 26. f5 Bh4 27. fxg6 hxg6 28. Ne3 Bxg3 29. Qxg3 Qc7 30. Qf3 f5 31. Qf2 Qf7 32. exf5 exf5 33. Bxb7 Qxb7+ 34. Kh2 Qc7+ 35. Kh1 Qc6+ 36. Kh2 Qd6+ 37. Kh1 Rc3 38. Rg1 Qc6+ 39. Kh2 Kf7 40. Nxf5 Rc2 41. Nh6+ Kg7 42. Nf5+ Kh7 0-1


[Site "https://www.chess.com"]

[Event "Titled Tuesday Blitz March 15 Early 2022"]
[White "Iljin, Timofey"]
[Black "Zong, Davis"]
[WhiteFideId "14110180"]
[BlackFideId "30903955"]
[WhiteElo "2396"]
[BlackElo "2061"]
[Result "1-0"]
[Round "10"]
[TimeControl "180+1"]
[Date "2022.03.15"]
[WhiteClock "0:00:32"]
[BlackClock "0:00:02"]

1. e4 c5 2. c3 Nf6 3. e5 Nd5 4. d4 e6 5. Nf3 d6 6. exd6 Bxd6 7. Bd3 cxd4 8. cxd4 O-O 9. O-O Nc6 10. Nc3 Nce7 11. Ne4 h6 12. a3 b6 13. Bb1 Bb7 14. Qd3 f5 15. Nxd6 Qxd6 16. Ne5 Rac8 17. Bd2 Nf6 18. Ba2 Bd5 19. Bb4 Qc7 20. Bxe7 Qxe7 21. Ng6 Qd6 22. Nxf8 Rxf8 23. Bxd5 Nxd5 24. Rfe1 a5 25. Rad1 Rf6 26. Qb5 Kh7 27. Re5 Rg6 28. Qc4 Nf4 29. g3 Nd5 30. Rde1 Rf6 31. Qc8 Nc7 32. Qb7 Nd5 33. Qa6 f4 34. Qd3+ Kh8 35. Qc2 fxg3 36. hxg3 Qd7 37. Qe4 Nc7 38. Rc1 Nd5 39. b4 axb4 40. axb4 Nxb4 41. Ra1 Rf8 42. Rxe6 Nd5 43. Re1 b5 44. Re8 Rxe8 45. Qxe8+ Qxe8 46. Rxe8+ Kh7 47. Re5 Nc3 48. Rc5 Ne2+ 49. Kf1 Nxd4 50. Ke1 Kg6 51. Rd5 Nc2+ 52. Kd2 Na3 53. Kc3 Kf6 54. Kb3 Nc4 55. Rxb5 Nd2+ 56. Kc3 Ne4+ 57. Kd4 Nxf2 58. Ke3 Ng4+ 59. Kf4 Nf2 60. Rb6+ Kf7 61. Rb3 Nh3+ 62. Kg4 Ng5 63. Kf5 g6+ 64. Ke5 Kg7 65. Rb7+ Kh8 66. Kf6 Ne4+ 67. Kxg6 1-0


[Site "https://www.chess.com"]

[Event "Titled Tuesday Blitz March 15 Early 2022"]
[White "Ilyasli, Ughur"]
[Black "Vlassov, Nikolai"]
[WhiteFideId "13416197"]
[BlackFideId "4103360"]
[WhiteElo "2045"]
[BlackElo "2407"]
[Result "1-0"]
[Round "10"]
[TimeControl "180+1"]
[Date "2022.03.15"]
[WhiteClock "0:00:36"]
[BlackClock "0:00:57"]

1. d4 Nf6 2. c4 Nc6 3. e3 e5 4. Nf3 Bb4+ 5. Bd2 Qe7 6. d5 Nb8 7. a3 Bxd2+ 8. Nfxd2 d6 9. Nc3 O-O 10. Bd3 c6 11. Rg1 cxd5 12. cxd5 Nbd7 13. g4 Nc5 14. Bc2 a5 15. g5 Nfd7 16. Rg3 f5 17. gxf6 Qxf6 18. Nde4 Qh6 19. Qe2 b5 20. O-O-O b4 21. Rdg1 bxc3 22. Rxg7+ Kh8 23. Nxd6 cxb2+ 24. Kxb2 Ba6 25. Qg4 Rab8+ 26. Ka2 Nf6 27. Rg8+ Nxg8 28. Qxg8+ Rxg8 29. Nf7# 1-0


[Site "https://www.chess.com"]

[Event "Titled Tuesday Blitz March 15 Early 2022"]
[White "Indjic, Aleksandar"]
[Black "Shuvalova, Polina"]
[WhiteFideId "911925"]
[BlackFideId "24171760"]
[WhiteElo "2616"]
[BlackElo "2355"]
[Result "1-0"]
[Round "10"]
[TimeControl "180+1"]
[Date "2022.03.15"]
[WhiteClock "0:01:24"]
[BlackClock "0:00:03"]

1. d4 Nf6 2. Bg5 e6 3. e4 h6 4. Bxf6 Qxf6 5. c3 c5 6. d5 exd5 7. Qxd5 Nc6 8. Nf3 d6 9. Na3 Be6 10. Qd2 Be7 11. Bc4 O-O 12. O-O Rad8 13. Rfe1 Ne5 14. Nxe5 dxe5 15. Qe2 Bc8 16. Nc2 a6 17. a4 Qg6 18. Bd5 Bh3 19. f3 Bc8 20. Ne3 Bg5 21. Nc4 Rfe8 22. a5 h5 23. Nb6 h4 24. Rad1 Bf4 25. Qf2 Qg5 26. Kh1 g6 27. Nxc8 Rxc8 28. Bxb7 Rb8 29. Bxa6 Ra8 30. Rd6 Kg7 31. Red1 Rh8 32. Bc4 Bg3 33. Qd2 Bf4 34. Qd5 Ra7 35. Rd7 Rxd7 36. Qxd7 Bxh2 37. Qxf7+ Kh6 38. Rd7 Qc1+ 39. Kxh2 h3 40. Qg7+ Kg5 41. Qxe5+ Kh6 42. Qxh8+ Kg5 43. Qe5+ 1-0


[Site "https://www.chess.com"]

[Event "Titled Tuesday Blitz March 15 Early 2022"]
[White "Iskusnyh, Sergei"]
[Black "Tay, Junior"]
[WhiteFideId "4120027"]
[BlackFideId "5800439"]
[WhiteElo "2492"]
[BlackElo "2216"]
[Result "0-1"]
[Round "10"]
[TimeControl "180+1"]
[Date "2022.03.15"]
[WhiteClock "0:00:01"]
[BlackClock "0:01:18"]

1. e4 c5 2. Nf3 d6 3. d4 cxd4 4. Nxd4 Nf6 5. Nc3 g6 6. Be3 Nc6 7. f3 h5 8. Qd2 Nxd4 9. Bxd4 Bh6 10. Qf2 Qa5 11. Bc4 Be6 12. Bxe6 fxe6 13. O-O e5 14. Be3 Bxe3 15. Qxe3 Rc8 16. Rad1 Qc5 17. Rfe1 Kf7 18. Kh1 Qxe3 19. Rxe3 Rc5 20. h3 h4 21. Kh2 Rhc8 22. Rf1 Nh5 23. Rf2 b5 24. a3 a5 25. Ree2 b4 26. axb4 axb4 27. Nd5 Rb8 28. b3 Ra8 29. Re1 Ra2 30. Ne3 Nf4 31. Rd2 Rc3 32. Rb1 Rxe3 0-1


[Site "https://www.chess.com"]

[Event "Titled Tuesday Blitz March 15 Early 2022"]
[White "Jaferian, Koosha"]
[Black "Yedidia, Daniel"]
[WhiteFideId "12507440"]
[BlackFideId "30905907"]
[WhiteElo "2030"]
[BlackElo "2491"]
[Result "0-1"]
[Round "10"]
[TimeControl "180+1"]
[Date "2022.03.15"]
[WhiteClock "0:00:15"]
[BlackClock "0:01:00"]

1. Nf3 Nf6 2. b3 d5 3. Bb2 c5 4. e3 a6 5. Be2 Nc6 6. O-O g6 7. d4 Bg7 8. dxc5 O-O 9. c4 e6 10. Nbd2 Qe7 11. cxd5 exd5 12. Rc1 Bf5 13. Nd4 Nxd4 14. Bxd4 Rac8 15. Nf3 Rfd8 16. Bd3 Be4 17. Qe2 a5 18. Rfd1 Nd7 19. Bxg7 Kxg7 20. Qb2+ Kg8 21. Be2 Nxc5 22. Qa3 b6 23. Nd4 Qg5 24. Bf3 Nd3 25. Rxc8 Rxc8 26. Qd6 Ne5 27. Bxe4 dxe4 28. Ne6 Qf6 29. Qd8+ Rxd8 30. Rxd8+ Qxd8 31. Nxd8 Kf8 32. f4 exf3 33. gxf3 Nxf3+ 34. Kf2 Ne5 35. Kg3 Ke7 36. Nb7 Kd7 37. Kf4 f6 0-1


[Site "https://www.chess.com"]

[Event "Titled Tuesday Blitz March 15 Early 2022"]
[White "Jeet, Jain"]
[Black "Maltsevskaya, Aleksandra"]
[WhiteFideId "5073022"]
[BlackFideId "24174041"]
[WhiteElo "2085"]
[BlackElo "2241"]
[Result "0-1"]
[Round "10"]
[TimeControl "180+1"]
[Date "2022.03.15"]
[WhiteClock "0:00:01"]
[BlackClock "0:00:06"]

1. d4 Nf6 2. Nf3 g6 3. Bf4 Bg7 4. e3 O-O 5. h3 d6 6. c4 b6 7. Nc3 Bb7 8. Be2 Nbd7 9. O-O Ne4 10. Nxe4 Bxe4 11. Nd2 Bb7 12. Bf3 Bxf3 13. Qxf3 e5 14. dxe5 dxe5 15. Bh2 Nc5 16. Rfd1 Qe7 17. Ne4 Rfd8 18. b3 a5 19. Nxc5 Qxc5 20. Rxd8+ Rxd8 21. Rd1 Rxd1+ 22. Qxd1 h5 23. Bg3 Bf6 24. Qd3 Kg7 25. f3 Qa3 26. Qc2 a4 27. bxa4 Qxe3+ 28. Bf2 Qf4 29. c5 h4 30. cxb6 cxb6 31. Bxb6 e4 32. Qxe4 Qc1+ 33. Kh2 Qb2 34. Be3 Qxa2 35. f4 Qa1 36. Qb4 Bc3 37. Qb6 Qxa4 38. Qc7 Be1 39. Qe5+ Kg8 40. Qd4 Bg3+ 41. Kh1 Qb5 42. Qd1 Qc4 43. Qf3 Qa4 44. Qf1 Qe4 45. Qf3 Qb1+ 46. Bg1 Kh7 47. Qe2 Bxf4 48. Qf3 Qc1 49. Qf2 Kg8 50. Qf3 Bg3 51. Qa8+ Kg7 52. Qf3 Be5 53. Qf2 Bf6 54. Qb6 Qf4 55. Qf2 Qc4 56. Qf3 Bd4 57. Bxd4+ Qxd4 58. Kh2 Qe5+ 59. Kh1 f5 60. Qb7+ Kf6 61. Qf3 Qe4 62. Qc3+ Kg5 63. Qc1+ Qf4 64. Qc8 Qd6 65. Qc1+ Kh5 66. Qc2 Qd4 67. Qe2+ Kh6 68. Qe6 Qe4 69. Qa6 f4 70. Qf1 Qe3 71. Qb1 f3 0-1


[Site "https://www.chess.com"]

[Event "Titled Tuesday Blitz March 15 Early 2022"]
[White "Kanyamarala, Tarun"]
[Black "Guseva, Marina"]
[WhiteFideId "45004714"]
[BlackFideId "4149351"]
[WhiteElo "2075"]
[BlackElo "2160"]
[Result "0-1"]
[Round "10"]
[TimeControl "180+1"]
[Date "2022.03.15"]
[WhiteClock "0:00:03"]
[BlackClock "0:00:03"]

1. Nf3 d5 2. g3 Nf6 3. Bg2 c6 4. d3 Bf5 5. b3 e6 6. Bb2 Nbd7 7. Nbd2 h6 8. O-O Be7 9. e4 dxe4 10. dxe4 Nxe4 11. Nxe4 Bxe4 12. Bxg7 Rh7 13. Bb2 Bf6 14. Bxf6 Qxf6 15. Qe2 Bxf3 16. Bxf3 O-O-O 17. a4 h5 18. a5 Ne5 19. Be4 Rg7 20. a6 b6 21. f4 Ng4 22. Bxc6 Qd4+ 23. Kh1 h4 24. Bf3 Ne3 25. c3 Qd2 26. Rf2 Qxc3 27. Rff1 Rd2 28. Rac1 Nc2 29. Qe4 hxg3 30. hxg3 Rxg3 31. Qa8+ Kd7 32. Qxa7+ Ke8 33. Qb8+ Ke7 34. Qb7+ Kf6 35. a7 Rh3+ 36. Kg1 Qd4+ 0-1


[Site "https://www.chess.com"]

[Event "Titled Tuesday Blitz March 15 Early 2022"]
[White "Koridze, Lile"]
[Black "Pourkashiyan, Atousa"]
[WhiteFideId "13612514"]
[BlackFideId "12502014"]
[WhiteElo "1999"]
[BlackElo "2247"]
[Result "0-1"]
[Round "10"]
[TimeControl "180+1"]
[Date "2022.03.15"]
[WhiteClock "0:00:01"]
[BlackClock "0:00:01"]

1. d4 Nf6 2. c4 e6 3. Nc3 Bb4 4. e3 O-O 5. Bd3 c5 6. Ne2 d5 7. O-O dxc4 8. Bxc4 Nbd7 9. dxc5 Bxc5 10. Qc2 a6 11. a4 b6 12. Rd1 Qe7 13. Nf4 Bb7 14. b3 Rac8 15. Bb2 e5 16. Nfd5 Nxd5 17. Nxd5 Qg5 18. Qe2 Kh8 19. e4 Nf6 20. h3 Nh5 21. Qf3 f5 22. Bc1 Qg6 23. Be3 fxe4 24. Qg4 Qxg4 25. hxg4 Bxd5 26. Rxd5 Bxe3 27. fxe3 Nf6 28. Rxe5 Nxg4 29. Rxe4 Nf6 30. Re6 Nd7 31. Rd6 Rc7 32. Rad1 Ne5 33. Bxa6 h5 34. Rd8 Rxd8 35. Rxd8+ Kh7 36. Bd3+ Kh6 37. Rd6+ Kg5 38. Bb5 Ng4 39. Rd5+ Kh4 40. Rd1 Nxe3 41. Rd4+ Ng4 42. Kf1 Rc1+ 43. Ke2 Rc2+ 44. Kf3 Rf2+ 45. Ke4 Rxg2 46. Rd6 Kg3 47. Rxb6 h4 48. Rg6 Kf2 49. Bd7 Nf6+ 50. Kf5 h3 51. Bc6 Rxg6 52. Kxg6 h2 53. Kxg7 Nd7 54. a5 Ne5 55. Bh1 Kg1 0-1


[Site "https://www.chess.com"]

[Event "Titled Tuesday Blitz March 15 Early 2022"]
[White "Lou, Yiping"]
[Black "Mekhitarian, Krikor Sevag"]
[WhiteFideId "8603928"]
[BlackFideId "2107660"]
[WhiteElo "2412"]
[BlackElo "2598"]
[Result "1-0"]
[Round "10"]
[TimeControl "180+1"]
[Date "2022.03.15"]
[WhiteClock "0:00:25"]
[BlackClock "0:00:04"]

1. Nf3 c5 2. b3 d6 3. d4 cxd4 4. Nxd4 d5 5. Bb2 Nf6 6. e3 g6 7. Nd2 Bg7 8. Be2 O-O 9. O-O Re8 10. c4 e5 11. N4f3 Nc6 12. cxd5 Nxd5 13. Ne4 Bf5 14. Nfd2 Qe7 15. Qc1 Red8 16. Ba3 Ndb4 17. Bf3 Rac8 18. Qb2 Be6 19. Rac1 f5 20. Nc3 e4 21. Be2 Qf6 22. Nc4 Nd3 23. Bxd3 Rxd3 24. Na4 Qf7 25. Qb1 b5 26. Nd6 Rxd6 27. Bxd6 bxa4 28. bxa4 h6 29. Qb5 Bd7 30. Rfd1 Kh7 31. Bg3 Nd4 32. Qa6 Rxc1 33. Rxc1 Ne6 34. Qxa7 g5 35. Rd1 Nf8 36. Bd6 Ng6 37. Bc5 Ne5 38. Bd4 Nd3 39. h3 Bxd4 40. Qxd4 Be6 41. a5 Kg6 42. Qb6 Kh5 43. a6 Bd5 44. a7 f4 45. exf4 Qxf4 46. g4+ 1-0


[Site "https://www.chess.com"]

[Event "Titled Tuesday Blitz March 15 Early 2022"]
[White "Martin Carmona, Gaston Manuel"]
[Black "Foisor, Sabina-Francesca"]
[WhiteFideId "22284567"]
[BlackFideId "1212915"]
[WhiteElo "2161"]
[BlackElo "2243"]
[Result "1-0"]
[Round "10"]
[TimeControl "180+1"]
[Date "2022.03.15"]
[WhiteClock "0:01:39"]
[BlackClock "0:01:12"]

1. c4 e6 2. Nf3 d5 3. g3 Nf6 4. Bg2 Be7 5. d4 O-O 6. O-O c6 7. Qc2 b6 8. Nbd2 Bb7 9. e4 Na6 10. a3 Rc8 11. e5 Ne8 12. cxd5 cxd5 13. Qd1 Nb8 14. Re1 Nc6 15. Bf1 Rc7 16. Nb1 Qc8 17. Nc3 Ba6 18. Nb5 Bxb5 19. Bxb5 a6 20. Bd3 f6 21. exf6 Nxf6 22. Qe2 b5 23. Bf4 Nd8 24. Bxc7 Qxc7 25. Rac1 Qd7 26. Ne5 Qe8 27. Rc7 Bd6 28. Ra7 Bxe5 29. Qxe5 Ng4 30. Qxg7# 1-0


[Site "https://www.chess.com"]

[Event "Titled Tuesday Blitz March 15 Early 2022"]
[White "Matinian, Nikita"]
[Black "Coto Mederos, Michel"]
[WhiteFideId "24129100"]
[BlackFideId "3508528"]
[WhiteElo "2422"]
[BlackElo "2427"]
[Result "1-0"]
[Round "10"]
[TimeControl "180+1"]
[Date "2022.03.15"]
[WhiteClock "0:01:50"]
[BlackClock "0:00:05"]

1. e4 e5 2. Nf3 Nf6 3. Nxe5 d6 4. Nf3 Nxe4 5. Qe2 Qe7 6. d3 Nf6 7. Bg5 Qxe2+ 8. Bxe2 Be7 9. Nc3 Bf5 10. Nb5 Na6 11. O-O-O O-O 12. Rde1 Rfe8 13. Nfd4 Bd7 14. Bf3 c6 15. Nc3 Nc7 16. h4 h6 17. Bd2 Bf8 18. Reg1 c5 19. Nb3 Rab8 20. g4 g6 21. g5 hxg5 22. hxg5 Nh7 23. Ne4 Ne6 24. Rxh7 Kxh7 25. Nf6+ Kg7 26. Nxd7 Be7 27. Bc3+ Kg8 28. Nf6+ Bxf6 29. Bxf6 Nf8 30. Na5 Nh7 31. Nxb7 Nxf6 32. gxf6 Re6 33. Na5 Rxf6 34. Rg3 Kg7 35. a4 1-0


[Site "https://www.chess.com"]

[Event "Titled Tuesday Blitz March 15 Early 2022"]
[White "Migot, Tangi"]
[Black "Fathy, Elameir"]
[WhiteFideId "662445"]
[BlackFideId "10600396"]
[WhiteElo "2504"]
[BlackElo "2311"]
[Result "1-0"]
[Round "10"]
[TimeControl "180+1"]
[Date "2022.03.15"]
[WhiteClock "0:00:05"]
[BlackClock "0:00:06"]

1. Nf3 d5 2. g3 Bf5 3. Bg2 e6 4. O-O c6 5. c4 h6 6. b3 Nf6 7. Bb2 Be7 8. d3 O-O 9. Nbd2 a5 10. Re1 Bh7 11. e4 Nbd7 12. e5 Ne8 13. d4 Nc7 14. Qe2 a4 15. Bc3 c5 16. Red1 Qb8 17. dxc5 Nxc5 18. Nd4 Rd8 19. b4 Nd3 20. c5 Na6 21. a3 Qxe5 22. Qf1 Qc7 23. f4 Bf6 24. N2f3 e5 25. fxe5 Nxe5 26. Nb5 Qe7 27. Re1 Nxf3+ 28. Bxf3 Be4 29. Bxe4 dxe4 30. Bxf6 gxf6 31. Nd6 e3 32. Qf4 Qe5 33. Rxe3 Qxa1+ 34. Kg2 Qb2+ 35. Kh3 Kh7 36. Qf5+ Kh8 37. Nxf7+ Kg7 38. Nxd8 Rxd8 39. Re7+ Kf8 40. Qe6 Qxh2+ 41. Kxh2 Rd2+ 42. Kh3 Rh2+ 43. Kxh2 1-0


[Site "https://www.chess.com"]

[Event "Titled Tuesday Blitz March 15 Early 2022"]
[White "Milosevic, Milos"]
[Black "Ismayil, Malak"]
[WhiteFideId "964875"]
[BlackFideId "13412604"]
[WhiteElo "2237"]
[BlackElo "1879"]
[Result "0-1"]
[Round "10"]
[TimeControl "180+1"]
[Date "2022.03.15"]
[WhiteClock "0:00:02"]
[BlackClock "0:01:27"]

1. e4 e5 2. Nf3 Nc6 3. Bb5 a6 4. Ba4 Nf6 5. d3 b5 6. Bb3 Be7 7. Bg5 O-O 8. Nc3 d6 9. Bxf6 Bxf6 10. Nd5 Na5 11. Nxf6+ Qxf6 12. Qd2 Nc6 13. Bd5 Bd7 14. Qg5 Qxg5 15. Nxg5 h6 16. Nf3 Rab8 17. Bxc6 Bxc6 18. Kd2 f5 19. exf5 Rxf5 20. Ke2 Rbf8 21. Rhf1 Bxf3+ 22. gxf3 Rxf3 23. a4 b4 24. c3 bxc3 25. bxc3 R3f4 26. a5 Rb8 27. Rab1 Rxb1 28. Rxb1 Ra4 29. Rb7 Rxa5 30. Rxc7 Kh7 31. Rc6 d5 32. Ke3 Ra1 0-1


[Site "https://www.chess.com"]

[Event "Titled Tuesday Blitz March 15 Early 2022"]
[White "Mitusov, Semen"]
[Black "Fiorito, Fabian"]
[WhiteFideId "14151049"]
[BlackFideId "100200"]
[WhiteElo "2265"]
[BlackElo "2395"]
[Result "1-0"]
[Round "10"]
[TimeControl "180+1"]
[Date "2022.03.15"]
[WhiteClock "0:00:13"]
[BlackClock "0:00:05"]

1. e4 c6 2. Nf3 d5 3. Nc3 Bg4 4. h3 Bxf3 5. Qxf3 Nf6 6. d3 e6 7. g3 Nbd7 8. Bg2 Bb4 9. Bd2 d4 10. Nb1 Bxd2+ 11. Nxd2 O-O 12. O-O e5 13. Qe2 g6 14. f4 Nh5 15. Rf3 f5 16. Raf1 Qc7 17. exf5 exf4 18. fxg6 hxg6 19. gxf4 Rae8 20. Qf2 Kg7 21. Ne4 Ndf6 22. Qxd4 Kh6 23. f5 Nxe4 24. dxe4 g5 25. f6 Nf4 26. Rxf4 gxf4 27. e5 Qxe5 28. Qxf4+ Qxf4 29. Rxf4 Re6 30. f7 Re7 31. Be4 Rfxf7 32. Rh4+ Kg5 33. Rg4+ Kf6 34. Kf2 Rg7 35. Rf4+ Ke5 36. Ke3 Rg3+ 37. Bf3 Rxh3 38. c4 Re6 39. c5 Rf6 40. Re4+ Kf5 41. Ke2 Kg5 42. Rg4+ Kh6 43. Be4 Rh2+ 44. Ke3 Rxb2 45. Kd4 Rxa2 46. Ke5 Raf2 47. Rg8 a5 48. Rh8+ Kg7 49. Rh7+ Kf8 50. Rxb7 Rf7 51. Rb6 Re7+ 52. Kd4 Rd2+ 53. Kc3 Ra2 54. Bxc6 a4 55. Rb8+ Kf7 56. Bd5+ Kg7 57. Bxa2 Rc7 58. Kb4 a3 59. Ra8 Rf7 60. Bxf7 1-0


[Site "https://www.chess.com"]

[Event "Titled Tuesday Blitz March 15 Early 2022"]
[White "Molina, Roberto Junio Brito"]
[Black "Csonka, Balazs"]
[WhiteFideId "2109450"]
[BlackFideId "742910"]
[WhiteElo "2432"]
[BlackElo "2404"]
[Result "0-1"]
[Round "10"]
[TimeControl "180+1"]
[Date "2022.03.15"]
[WhiteClock "0:00:32"]
[BlackClock "0:00:13"]

1. d4 Nf6 2. c4 g6 3. Nc3 d5 4. cxd5 Nxd5 5. e4 Nxc3 6. bxc3 Bg7 7. Bc4 c5 8. Ne2 Nc6 9. Be3 O-O 10. Rc1 cxd4 11. cxd4 Qa5+ 12. Rc3 Rd8 13. Bd5 e6 14. Bxc6 bxc6 15. O-O Ba6 16. Rxc6 Qxa2 17. Rc2 Qa4 18. Rd2 Qxd1 19. Rfxd1 Bc4 20. Nc3 a5 21. e5 a4 22. Ne4 a3 23. Nd6 Bd5 24. Ra1 Rdb8 25. f4 a2 26. Kf2 Rb1 27. Raxa2 Rxa2 28. Rxa2 Bxa2 29. g4 Bd5 30. h4 Rb2+ 31. Kg3 Rb3 32. Kf2 Bf8 33. Ne8 Be7 34. h5 Bh4+ 35. Ke2 Bc4+ 36. Kd2 Rd3+ 37. Ke2 Rxd4+ 38. Kf3 Rd8 39. Nd6 Bd5+ 40. Ke2 Be7 41. Bb6 Rxd6 42. exd6 Bxd6 43. hxg6 fxg6 44. Ke3 h5 45. gxh5 gxh5 46. Bd8 Kf7 47. Bh4 Kg6 48. Bg3 Kf5 49. Bh2 Kg4 50. f5 Bxh2 51. f6 Bd6 52. f7 Bf8 53. Kf2 h4 0-1


[Site "https://www.chess.com"]

[Event "Titled Tuesday Blitz March 15 Early 2022"]
[White "Myshakov, Fyodor"]
[Black "Urazayev, Arystanbek"]
[WhiteFideId "14111284"]
[BlackFideId "13709810"]
[WhiteElo "2310"]
[BlackElo "2393"]
[Result "1-0"]
[Round "10"]
[TimeControl "180+1"]
[Date "2022.03.15"]
[WhiteClock "0:00:06"]
[BlackClock "0:00:35"]

1. c4 e5 2. Nc3 Nc6 3. Nf3 f5 4. d3 Bb4 5. Bd2 Nf6 6. g3 O-O 7. Bg2 d6 8. O-O Bxc3 9. Bxc3 Qe8 10. b4 Qh5 11. e3 f4 12. b5 Ne7 13. exf4 exf4 14. Re1 Ng6 15. Bxf6 Rxf6 16. Re8+ Nf8 17. Qe2 Re6 18. Rxe6 Bxe6 19. Qe4 fxg3 20. fxg3 Rb8 21. Nd4 Bf7 22. Rf1 Re8 23. Qf4 Re7 24. Nf5 Rd7 25. g4 Qg6 26. Bxb7 Ne6 27. Qg3 Qf6 28. h4 Qe5 29. Bc8 Qc5+ 30. Kh2 Rd8 31. Ne7+ Kh8 32. Bxe6 Bxe6 33. Qf2 Qe5+ 34. Qg3 Qd4 35. Nf5 Bxf5 36. Rxf5 g6 37. Rf4 Qe5 38. Rf3 Qc3 39. Qf4 Re8 40. Rf2 Qg7 41. h5 gxh5 42. gxh5 Rg8 43. Qf6 Qxf6 44. Rxf6 Kg7 45. Rf3 Re8 46. Kh3 Re2 47. a4 Ra2 48. Rg3+ Kf7 49. h6 Rxa4 50. Rg7+ Kf8 51. Rxh7 Ra3 52. Rxc7 Rxd3+ 53. Kg4 Kg8 54. Kg5 Rd4 55. h7+ Kh8 56. Kf6 Re4 57. Kg6 Re6+ 58. Kf5 Re5+ 59. Kf6 Re4 60. Kg6 Rg4+ 61. Kf5 Rh4 62. Ke6 Rd4 63. Kd7 d5 64. c5 Ra4 65. Kd6 d4 66. b6 axb6 67. cxb6 d3 68. b7 Rd4+ 69. Kc5 d2 70. b8=Q+ Rd8 71. Qxd8# 1-0


[Site "https://www.chess.com"]

[Event "Titled Tuesday Blitz March 15 Early 2022"]
[White "Nakamura, Hikaru"]
[Black "Sarana, Alexey"]
[WhiteFideId "2016192"]
[BlackFideId "24133795"]
[WhiteElo "3129"]
[BlackElo "3011"]
[Result "1/2-1/2"]
[Round "10"]
[TimeControl "180+1"]
[Date "2022.03.15"]
[WhiteClock "0:00:10"]
[BlackClock "0:00:06"]

1. Nf3 d5 2. b3 Nf6 3. Bb2 Bf5 4. g3 h6 5. Bg2 e6 6. O-O Be7 7. d3 O-O 8. Nbd2 Bh7 9. Ne5 c5 10. e4 Nbd7 11. Nxd7 Qxd7 12. Qe2 Rac8 13. e5 Ne8 14. Rfd1 b5 15. c4 Nc7 16. Nf1 Rfd8 17. Ne3 bxc4 18. dxc4 d4 19. Nf1 Na6 20. Ba3 d3 21. Qe1 Nb4 22. Bxb4 cxb4 23. Be4 Qd4 24. Bxh7+ Kxh7 25. Nd2 Bc5 26. Nf3 Qc3 27. Rd2 Rd7 28. Rc1 Rcd8 29. Kg2 Kg8 30. h4 a5 31. Qd1 a4 32. h5 axb3 33. axb3 f6 34. Rxc3 bxc3 35. exf6 gxf6 36. Qc1 cxd2 37. Qxd2 Kg7 38. b4 Be7 39. c5 e5 40. Nh4 Bf8 41. Nf5+ Kf7 42. Qa2+ Ke8 43. Qe6+ Re7 44. Nd6+ Rxd6 45. Qxd6 Rd7 46. Qe6+ Kd8 47. c6 Rd6 48. Qf7 d2 49. Qxf8+ Kc7 50. Qe7+ Kxc6 51. b5+ Kd5 52. Qb7+ Ke6 53. Qc8+ Ke7 54. Qc7+ Rd7 55. Qc5+ Ke8 56. Qc8+ Ke7 57. Qc5+ Kf7 58. Qc4+ Ke7 59. Qc5+ 1/2-1/2


[Site "https://www.chess.com"]

[Event "Titled Tuesday Blitz March 15 Early 2022"]
[White "Nenezic, Marko"]
[Black "Kowalczyk, Pawel"]
[WhiteFideId "912123"]
[BlackFideId "1130641"]
[WhiteElo "2752"]
[BlackElo "2699"]
[Result "0-1"]
[Round "10"]
[TimeControl "180+1"]
[Date "2022.03.15"]
[WhiteClock "0:00:25"]
[BlackClock "0:01:41"]

1. Nf3 c5 2. g3 Nc6 3. Bg2 e5 4. e4 Nge7 5. Na3 g6 6. Nc4 d6 7. h4 h6 8. h5 g5 9. Ne3 f5 10. exf5 Nxf5 11. Nh2 Bg7 12. Bd5 Nce7 13. Qf3 Nxd5 14. Nxf5 Bxf5 15. Qxf5 Qf6 16. Qe4 Qf7 17. Ng4 O-O-O 18. c4 Nb4 19. a3 Nc6 20. b4 Nd4 21. O-O Qxc4 22. d3 Qe6 23. bxc5 d5 24. Qg6 Qxg4 25. Qxg7 Qh3 26. f3 Qxg3+ 27. Kh1 Qh3+ 28. Kg1 Rhf8 29. c6 Ne2+ 0-1


[Site "https://www.chess.com"]

[Event "Titled Tuesday Blitz March 15 Early 2022"]
[White "Odegov, Artem"]
[Black "Popadic, Dragan"]
[WhiteFideId "34183644"]
[BlackFideId "913650"]
[WhiteElo "2286"]
[BlackElo "2222"]
[Result "1-0"]
[Round "10"]
[TimeControl "180+1"]
[Date "2022.03.15"]
[WhiteClock "0:00:03"]
[BlackClock "0:00:02"]

1. d4 Nf6 2. c4 g6 3. Nc3 Bg7 4. e4 d6 5. h3 O-O 6. Be3 e5 7. d5 a5 8. Bd3 Na6 9. Nge2 Nh5 10. Qd2 Nf6 11. g4 Nd7 12. Ng3 Ndc5 13. Bc2 Bd7 14. f3 c6 15. h4 cxd5 16. cxd5 b5 17. h5 Re8 18. Bh6 Bh8 19. Bg5 Bf6 20. Bh6 Rc8 21. Qh2 Nb4 22. hxg6 fxg6 23. Bg5 Nxc2+ 24. Kf1 h5 25. Nxh5 Bxg5 26. Nf4 Bh4 27. Nxg6 Nxa1 28. Nxh4 Qf6 29. g5 Qg7 30. Nf5 Bxf5 31. exf5 Nd7 32. f6 Nxf6 33. gxf6 Qxf6 34. Rg1+ Kf8 35. Qh3 Rc7 36. Ne4 Rc1+ 37. Kf2 Rxg1 38. Nxf6 Rg7 39. Nxe8 Kxe8 40. Qh8+ Kf7 41. Qc8 1-0


[Site "https://www.chess.com"]

[Event "Titled Tuesday Blitz March 15 Early 2022"]
[White "Omariev, Maksim"]
[Black "Gatterer, Florian"]
[WhiteFideId "4193423"]
[BlackFideId "811688"]
[WhiteElo "2459"]
[BlackElo "2218"]
[Result "1-0"]
[Round "10"]
[TimeControl "180+1"]
[Date "2022.03.15"]
[WhiteClock "0:00:22"]
[BlackClock "0:00:17"]

1. g4 d5 2. Bg2 c6 3. h3 e5 4. d4 e4 5. c4 h5 6. g5 Bb4+ 7. Nc3 Ne7 8. Qb3 a5 9. a3 Bd6 10. Bd2 Nf5 11. cxd5 e3 12. fxe3 Bg3+ 13. Kd1 O-O 14. g6 cxd5 15. Bxd5 Nc6 16. Bxf7+ Kh8 17. Nf3 Bd7 18. Ne4 a4 19. Qd3 Bc7 20. Neg5 Qe7 21. e4 Ng3 22. Rg1 Rad8 23. e5 Bf5 24. e4 Nxe4 25. Nxe4 Nxe5 26. Nxe5 Bxe5 27. Qf3 Rxf7 28. Qxh5+ Kg8 29. Qh7+ Kf8 30. Qh8# 1-0


[Site "https://www.chess.com"]